 Dungeon Crawl Stone Soup version 0.22-a0-32-ga749362 (webtiles) character file.

319 mopl the Slasher (level 6, -1/35 HPs)
             Began as a Tengu Warper on Jan 3, 2018.
             Was a Follower of Uskayaw.
             Slain by a gnoll
             ... wielding a +0 whip
              (2 damage)
             ... on level 5 of the Dungeon.
             The game lasted 00:06:05 (3830 turns).

mopl the Slasher (Tengu Warper)                     Turns: 3830, Time: 00:06:05

Health: -1/35      AC:  6    Str: 13    XL:     6   Next: 46%
Magic:  19/19      EV: 12    Int: 13    God:    Uskayaw [*.....]
Gold:   254        SH:  0    Dex: 14    Spells: 5/9 levels left

rFire    . . .     SeeInvis .   a - +0 long sword
rCold    . . .     Gourm    +   (no shield)
rNeg     . . .     Faith    .   b - +0 leather armour
rPois    .         Spirit   .   (helmet restricted)
rElec    .         Reflect  .   (no cloak)
rCorr    .         Harm     .   (no gloves)
MR       .....     Rnd*Rage +   (boots unavailable)
Stlth    +.........             o - amulet of the gourmand
HPRegen  0.11/turn              n - +3 ring of protection
MPRegen  0.16/turn              u - ring of magical power

@: lethally poisoned (-1 -> -15)
A: beak, talons 3, berserk 1, deterioration 1, evolution 1, able to fly 1
a: Fly, Stomp, Renounce Religion


You were on level 5 of the Dungeon.
You worshipped Uskayaw.
Uskayaw was noncommittal.
You were completely stuffed.

You visited 1 branch of the dungeon, and saw 5 of its levels.

You collected 254 gold pieces.

Inventory:

Hand Weapons
 a - a +0 long sword (weapon)
 A - a +0 blowgun
Missiles
 e - 5 tomahawks of dispersal
 g - 191 stones
 y - 15 poisoned needles
 B - 4 javelins (quivered)
Armour
 b - a +0 leather armour (worn)
 l - a +0 plate armour
Jewellery
 n - a +3 ring of protection (left hand)
 o - an amulet of the gourmand (around neck)
 u - a ring of magical power (right hand)
Wands
 w - a wand of random effects (27)
Scrolls
 d - 3 scrolls of blinking
 p - 10 scrolls of identify {unknown}
 r - a scroll of fog {unknown}
 s - a scroll of enchant weapon {unknown}
 t - 2 scrolls of teleportation {unknown}
 v - a scroll of remove curse {unknown}
 x - a scroll of enchant armour {unknown}
 C - a scroll of fear {unknown}
 D - 3 scrolls of magic mapping {unknown}
Potions
 h - a potion of mutation {!q}
 i - 2 potions of resistance {unknown}
 j - 2 potions of heal wounds {unknown}
 m - 2 potions of magic {unknown}
 q - a potion of degeneration {unknown}
 z - a potion of curing {unknown}
Books
 c - a book of Spatial Translocations

   Spells                             Type                      Level
   a - Blink                          Translocation                2
   b - Shroud of Golubria             Charms/Translocation         2
   c - Lesser Beckoning               Translocation                3
   d - Gell's Gravitas                Translocation                3
   e - Teleport Other                 Translocation                3
   f - Passage of Golubria            Translocation                4
Comestibles
 f - 11 rations


   Skills:
 - Level 2.0 Fighting
 * Level 6.8 Long Blades
 - Level 1.0 Throwing
 - Level 1.1 Armour
 - Level 2.1 Dodging
 - Level 2.0 Spellcasting
 - Level 2.4 Translocations
 + Level 1.8 Invocations


You had 5 spell levels left.
You knew the following spells:

 Your Spells              Type           Power        Failure   Level  Hunger
e - Blink                 Tloc           N/A          19%         2    ###....
f - Shroud of Golubria    Chrm/Tloc      #.........   30%         2    ###....


Dungeon Overview and Level Annotations

Branches:
Dungeon (5/15)             Temple (0/1) D:4

Altars:
Gozag
Nemelex Xobeh
Okawaru
Ru
Uskayaw
Wu Jian


Innate Abilities, Weirdness & Mutations

You have a beak for a mouth.
You have claws for feet.
You can fly.
You tend to lose your temper in combat.
Your body sometimes deteriorates upon taking damage.
You evolve.


Message History

Okay, then.
You closely miss the gnoll sergeant.
You claw the gnoll sergeant, but do no damage.
The gnoll sergeant is lightly wounded.
The gnoll sergeant hits you with a spear of venom.
* * * LOW HITPOINT WARNING * * *
You are more poisoned.
The gnoll hits you from afar with a spear.
* * * LOW HITPOINT WARNING * * *
The gnoll hits you with a whip.
* * * LOW HITPOINT WARNING * * *
It was a potion of mutation.
You feel extremely strange.
You feel yourself wasting away.
You feel a little pissed off.
You feel nature experimenting on you.
Don't worry, failures die fast.
* * * LOW HITPOINT WARNING * * *
You feel sick. The gnoll sergeant barely misses you.
The gnoll hits you from afar with a spear.
* * * LOW HITPOINT WARNING * * *
The gnoll hits you with a whip.
You die...

....## ##.#.# #
##.#.#####.##.#
...###....#.#.....#
.........#.#.##.###
######.#..#.#.#..#
######.#.#.†.#.#.#
........#.....#.g#
....<...#.≈≈≈.#gg#
.######.#≈...≈#.@#
#.#≈._.≈#..#
#.#≈...≈#..#
.#.≈≈≈.#..#
.#.....#...
.#...#.##. .. .# ..
.# #.. ..


You could see a gnoll sergeant and 2 gnolls.

Vanquished Creatures
  2 hounds
  An orc wizard (D:4)
  Natasha (thrice) (D:3)
  An iguana (D:4)
  A gnoll (D:5)
  3 adders
  An ooze (D:2)
  A worm (D:2)
  4 leopard geckos
  9 orcs
  3 giant cockroaches
  4 goblins
  13 hobgoblins
  7 jackals
  9 kobolds
  4 bats
  2 frilled lizards
  6 rats
74 creatures vanquished.

Notes
Turn   | Place    | Note
-------+----------+-------------------------------------------
     0 | D:1      | mopl the Tengu Warper began the quest for the Orb.
     0 | D:1      | Reached XP level 1. HP: 12/12 MP: 4/4
   320 | D:1      | Reached XP level 2. HP: 16/17 MP: 6/6
   324 | D:1      | Reached skill level 3 in Long Blades
   331 | D:1      | Learned a level 2 spell: Blink
   334 | D:1      | Learned a level 2 spell: Shroud of Golubria
   831 | D:2      | Reached XP level 3. HP: 21/21 MP: 7/7
  1078 | D:2      | Reached skill level 4 in Long Blades
  1737 | D:2      | Reached XP level 4. HP: 23/26 MP: 8/8
  2220 | D:3      | Reached skill level 5 in Long Blades
  2307 | D:3      | Noticed Natasha
  2322 | D:3      | Killed Natasha
  2375 | D:3      | Gained mutation: You can fly. [Tengu growth]
  2375 | D:3      | Reached XP level 5. HP: 24/30 MP: 9/9
  2694 | D:3      | Found a hide-covered altar of Uskayaw.
  2694 | D:3      | Noticed a dagger
  2695 | D:3      | Noticed an enchanted hand axe
  2717 | D:3      | Became a worshipper of Uskayaw the Reveler
  2740 | D:3      | Found an ornate altar of the Wu Jian Council.
  2743 | D:3      | Reached * piety under Uskayaw
  2828 | D:3      | Noticed Natasha
  2833 | D:3      | Reached ** piety under Uskayaw
  2836 | D:3      | Killed Natasha
  3207 | D:3      | Noticed Natasha
  3217 | D:3      | Killed Natasha
  3217 | D:3      | Reached skill level 6 in Long Blades
  3333 | D:4      | Reached skill level 1 in Invocations
  3431 | D:4      | Found an iron altar of Okawaru.
  3470 | D:4      | Reached XP level 6. HP: 32/35 MP: 10/10
  3704 | D:4      | Found a staircase to the Ecumenical Temple.
  3736 | D:4      | Found an opulent altar of Gozag.
  3737 | D:4      | Found a sparkling altar of Nemelex Xobeh.
  3751 | D:5      | Entered Level 5 of the Dungeon
  3755 | D:5      | Found a sacrificial altar of Ru.
  3830 | D:5      | Gained mutation: Your body sometimes deteriorates upon taking damage. [potion of mutation]
  3830 | D:5      | Gained mutation: You tend to lose your temper in combat. [potion of mutation]
  3830 | D:5      | Gained mutation: You evolve. [potion of mutation]
  3830 | D:5      | HP: 1/35 [gnoll/spear (1)]
  3830 | D:5      | Slain by a gnoll

Vault maps used:
D:1:      dpeg_arrival_stonehenge_8_columns
D:2:      kennysheep_generic_room_11
D:3:      dancing_weapons_uskayaw, old_standard_altar, first_ration,
          uniq_natasha
D:4:      grunt_temple_overflow_opulence, kennysheep_mini_moat,
          minmay_temple_entry_statues_pillars, minmay_misc_feat_doors
D:5:      nicolae_ru_awakened_eye

Skill      XL: |  1  2  3  4  5 |
---------------+----------------+-----
Long Blades    | 3 4 5 6 |  6.8
Invocations    | 1 |  1.8
Fighting       | |  2.0
Throwing       | |  1.0
Armour         | |  1.1
Dodging        | |  2.1
Spellcasting   | |  2.0
Translocations | |  2.4

Action                   |  1- 3 |  4- 6 || total
-------------------------+-------+-------++-------
Melee: Falchion          |    66 |   114 ||   180
       Peck              |     9 |    29 ||    38
       Kick              |    20 |    31 ||    51
       Long sword        |       |    27 ||    27
Throw: Javelin           |       |     1 ||     1
Invok: Stomp             |       |     1 ||     1
       Line Pass         |       |     1 ||     1
  Use: Potion            |       |     1 ||     1
  Eat: Chunk             |     8 |    13 ||    21
Armor: Leather armour    |    14 |    51 ||    65
Dodge: Dodged            |    44 |    97 ||   141
       Rpst.: Falchion   |    13 |    23 ||    36
       Long sword        |       |     5 ||     5

Table legend:
 A = Spawn XP
 B = Non-spawn XP
 C = Spawn XP percentage of total XP
 D = Spawn monster count
 E = Non-spawn monster count
 F = Spawn count percentage of total count
 G = Total turns spent on level
                    A         B        C        D         E        F      G
               +---------+---------+-------+---------+---------+-------+---------
         Total |       0 |     457 |   0.0 |       0 |      74 |   0.0 |  3830
               +---------+---------+-------+---------+---------+-------+---------
           D:1 |       0 |      22 |   0.0 |       0 |      11 |   0.0 |   772
           D:2 |       0 |      83 |   0.0 |       0 |      27 |   0.0 |  1338
           D:3 |       0 |     166 |   0.0 |       0 |      28 |   0.0 |  1197
           D:4 |       0 |     127 |   0.0 |       0 |       6 |   0.0 |   444
           D:5 |       0 |      59 |   0.0 |       0 |       2 |   0.0 |    79
               +---------+---------+-------+---------+---------+-------+---------
